 Dungeon Crawl Stone Soup version 0.32-a0-918-g0f22ef8d61 (webtiles) character file.

Game seed: 9904412889739609895

321 jlumianski the Chopper (level 6, 0/46 HPs)
             Began as a Coglin Gladiator on Apr 10, 2024.
             Slain by an ufetubus (4 damage)
             ... summoned by Eustachio
             ... on level 4 of the Dungeon on Apr 11, 2024.
             The game lasted 00:17:10 (3268 turns).

jlumianski the Chopper (Coglin Gladiator)           Turns: 3268, Time: 00:17:11

Health: 0/46       AC:  6    Str: 19      XL:     6   Next: 46%
Magic:  7/7        EV: 11    Int: 11      God:
Gold:   33         SH:  0    Dex: 14 (16) Spells: 4/6 levels left

rFire   . . .        x - +5 quarterstaff of the Lurker {spect, rN+ rCorr Str+3 Int+4}
rCold   . . .        (shield currently unavailable)
rNeg    + . .        g - +0 ring mail
rPois   .            c - +0 helmet
rElec   .            (no cloak)
rCorr   +            (no gloves)
SInv    .            (no boots)
Will    .....        (amulet unavailable)
Stlth   +            (ring unavailable)
HPRegen 0.27/turn    (ring unavailable)
MPRegen 0.10/turn    (no gizmo)

%: no passive effects
@: no status effects
A: off-hand wielding, slow wielding, warmup strikes, no jewellery
a: Invent Gizmo


You were on level 4 of the Dungeon.
You visited 1 branch of the dungeon, and saw 5 of its levels.

You collected 123 gold pieces.
You spent 90 gold pieces at shops.

Inventory:

Hand Weapons
 a - a +0 war axe {Akal}
 f - a +0 dagger {Li}
 q - a +0 rapier {Zolin}
 x - the +5 quarterstaff of the Lurker (weapon) {spect, rN+ rCorr Str+3 Int+4}
   (You found it on level 2 of the Dungeon)

   Str+3:     It affects your strength (+3).
   Int+4:     It affects your intelligence (+4).
   rN+:       It protects you from negative energy.
   rCorr:     It protects you from acid and corrosion.
Missiles
 d - 3 throwing nets
 e - 6 javelins
 p - 4 boomerangs (quivered)
 A - 3 poisoned darts
Armour
 b - a +0 leather armour
 c - a +0 helmet (worn)
 g - a +0 ring mail (worn)
 r - a +0 pair of boots
 v - a +0 scale mail
Talismans
 l - a serpent talisman
Scrolls
 h - 2 scrolls of identify {unknown}
 i - 2 scrolls of amnesia {unknown}
 n - a scroll of fog {unknown}
 t - 3 scrolls of teleportation {unknown}
 w - a scroll of enchant armour {unknown}
 y - a scroll of revelation {unknown}
Potions
 k - a potion of invisibility {unknown}
 m - 2 potions of mutation {unknown}
 o - a potion of might {unknown}
 s - a potion of haste {unknown}
 u - 2 potions of heal wounds {unknown}
 z - a potion of curing


   Skills:
 * Level 2.7 Fighting
 - Level 0.8 Short Blades
 - Level 4.9(5.0) Axes
 - Level 0.8(2.9) Polearms
 * Level 0.6(0.9) Staves
 + Level 1.9 Throwing
 + Level 1.5 Armour
 * Level 3.6 Dodging
 * Level 0.1 Stealth
 * Level 0.7 Spellcasting
 * Level 0.9 Translocations


You had 4 spell levels left.
You knew the following spells:

 Your Spells              Type           Power      Damage    Failure   Level
a - Blink                 Tloc           4%         N/A       52%         2

Your spell library contained the following spells:

 Spells                   Type           Power      Damage    Failure   Level
 Magic Dart               Conj           0%         1d3       50%         1
 Call Imp                 Summ           0%         N/A       65%         2
 Scorch                   Fire           0%         2d5       65%         2
 Flame Wave               Conj/Fire      0%         2d4       99%         4
 Summon Cactus Giant      Summ           0%         N/A       100%        6


Dungeon Overview and Level Annotations

Branches:
Dungeon (5/15)
 Temple: D:4-7

Altars:
Gozag
Ru
Zin

Annotations:
D:4 Eustachio


Innate Abilities, Weirdness & Mutations

You can wield a second weapon in your off-hand.
It takes a long time for you to wield or remove held weapons.
Your first few attacks do less damage.
You cannot equip rings or amulets.


Message History

Eustachio is almost dead.
The bat closely misses you. The quokka completely misses you.
The quasit barely misses you. The quasit completely misses you.
The quasit claws you but does no damage.
The quasit bites you but does no damage.
The quasit claws you but does no damage.
The quasit barely misses you.
Eustachio mumbles some strange words.
Eustachio blinks!
The quasit bites you but does no damage.
The quasit claws you but does no damage.
The quasit closely misses you.
The quokka bites you but does no damage.
The quasit barely misses you.
The quasit claws you but does no damage. x2
Blink to where?
Press: ? - help, Dir - move target
As you read the scroll of blinking, it crumbles to dust.
The bat barely misses you. The bat hits you but does no damage.
Your magical contamination has completely faded away.
The bat attacks as it pursues you! The bat barely misses you. x2
The bat closely misses you. The bat attacks as it pursues you!
The bat hits you but does no damage. x2
The quasit disappears in a puff of smoke!
There is an open door here.
You thump the bat!
You kill the bat!
The bat's corpse disappears in a puff of smoke!
You see here a +0 club.
You close the door.
An ufetubus opens the door.
The ufetubus attacks as it pursues you! The ufetubus barely misses you.
The ufetubus hits you.
* * * LOW HITPOINT WARNING * * *
The ufetubus misses you. The ufetubus hits you.
* * * LOW HITPOINT WARNING * * *
Okay, then.
The ufetubus hits you.
You die...

#######
##########.....######
.........@).........#
##########...r......#
# #..........# #
####.......# #
####.#### ##### #5#
..... #@# .....
#.#### .....
#..).###### .....
####......# ...##
##.....# ###### ##=.#
##....# #..... #.#
####....###..... ..
.................
.#####..####.....


You could see an ufetubus (summoned).

Vanquished Creatures
  A black bear (D:4)
  A bombardier beetle (D:3)
  A hound (D:4)
  An orc wizard (D:3)
  4 adders
  2 ufetubi (D:5)
  3 ribbon worms
  3 dart slugs
  10 orcs
  6 endoplasms
  A giant cockroach (D:1)
  7 goblins
  2 hobgoblins (D:1)
  6 jackals
  3 quokkas
  A ball python (D:4)
  2 bats (D:2)
  3 frilled lizards (D:2)
  9 kobolds
  7 rats
73 creatures vanquished.

Notes
Turn   | Place    | Note
-------+----------+-------------------------------------------
     0 | D:1      | jlumianski the Coglin Gladiator began the quest for the
                  | Orb.
     0 | D:1      | Reached XP level 1. HP: 16/16 MP: 1/1
   110 | D:1      | Noticed a glass eye
   114 | D:1      | Found a faded altar of an unknown god.
   119 | D:1      | Noticed a great orb of eyes
   119 | D:1      | Noticed an eye of devastation
   119 | D:1      | Noticed a great orb of eyes
   157 | D:1      | Reached XP level 2. HP: 16/22 MP: 2/2
   940 | D:2      | Reached XP level 3. HP: 25/27 MP: 3/3
  1312 | D:3      | Reached skill level 4 in Axes
  1312 | D:3      | Reached XP level 4. HP: 31/33 MP: 4/4
  1404 | D:3      | Found Zin's Purification Station.
  1404 | D:3      | Found a glowing silver altar of Zin.
  1410 | D:3      | Found an opulent altar of Gozag.
  1433 | D:3      | Reached XP level 5. HP: 28/38 MP: 5/5
  1551 | D:3      | Found a sacrificial altar of Ru.
  2300 | D:2      | Identified the +5 quarterstaff of the Lurker {spect, rN+
                  | rCorr Str+3 Int+4}
  2320 | D:2      | Learned a level 2 spell: Blink
  2819 | D:4      | Noticed a black bear
  2822 | D:4      | Killed a black bear
  2823 | D:4      | Reached skill level 1 in Armour
  2823 | D:4      | Reached XP level 6. HP: 42/46 MP: 6/6
  2953 | D:3      | Bought a potion of curing for 90 gold pieces
  3088 | D:5      | Entered Level 5 of the Dungeon
  3214 | D:4      | Noticed Eustachio
  3268 | D:4      | Slain by an ufetubus

Illustrated notes

Levels and vault maps discovered:
D:1:      roderic_crossed_star, layout_basic,
          hellmonk_ecumenical_altar_watching_god
D:2:      layout_loops_ring
D:3:      layout_basic, overflow_temple_1_default, zin_purify,
          nicolae_gozag_seed_capital, minmay_misc_feat_columns, hex_tiny
D:4:      layout_basic, mainiacjoe_overflow_tiny_flanked, uniq_eustachio
D:5:      layout_rooms, nicolae_dithmenos_through_a_glass_darkly,
          cheibrodos_ashenzari_chains, uniq_grinder, uniq_pikel, uniq_ijyb

Skill      XL: |  1  2  3  4  5 |
---------------+----------------+-----
Dodging        | 3 |  3.6
Axes           | 4 |  4.9
Armour         | 1 |  1.5
Fighting       | |  2.7
Short Blades   | |  0.8
Polearms       | |  0.8
Staves         | |  0.6
Throwing       | |  1.9
Stealth        | |  0.1
Spellcasting   | |  0.7
Translocations | |  0.9

Action                     |  1- 3 |  4- 6 || total
---------------------------+-------+-------++-------
  Melee: War axe           |    64 |    68 ||   132
         Dagger            |    45 |       ||    45
         Rapier            |    10 |    54 ||    64
         Quarterstaff      |       |    40 ||    40
    Use: Scroll            |       |     2 ||     2
 Armour: Ring mail         |    41 |   135 ||   176
  Dodge: Dodged            |    33 |   133 ||   166

Table legend: (Time is in decaauts)
 A = Elapsed time spent in this place.
 B = Non-inter-level travel time spent in this place.
 C = Inter-level travel time spent in this place.
 D = Time resting spent in this place.
 E = Time spent auto-exploring this place.
 F = Levels seen in this place.
 G = Mean time per level.
                   A        B        C        D        E       F      G
               +--------+--------+--------+--------+--------+-----+--------+
         Total |   3311 |   3122 |    189 |    135 |   2026 |   5 |  662.2 |
       Dungeon |   3311 |   3122 |    189 |    135 |   2026 |   5 |  662.2 |
               +--------+--------+--------+--------+--------+-----+--------+

Top non-repeatable levels by time:
     D:3: 1297 daAuts
     D:2: 830 daAuts
     D:1: 771 daAuts
     D:4: 393 daAuts
     D:5: 19 daAuts
